 Dungeon Crawl Stone Soup version 0.27.1-33-g824d729ab1 (webtiles) character file.

Game seed: 14248489002175888322

1269 MisterFreud the Basher (level 8, -6/68 HPs)
             Began as a Minotaur Abyssal Knight on Dec 9, 2021.
             Was a Priest of Lugonu.
             Mangled by an orc warrior (15 damage)
             ... on level 6 of the Dungeon.
             The game lasted 00:07:36 (6238 turns).

MisterFreud the Basher (Minotaur Abyssal Knight)    Turns: 6238, Time: 00:07:36

Health: -6/68      AC: 11    Str: 19    XL:     8   Next: 28%
Magic:  8/8        EV:  8    Int:  9    God:    Lugonu [***...]
Gold:   163        SH:  5    Dex: 10    Spells: 7/7 levels left

rFire    . . .     SeeInvis .   e - +2 whip (elec)
rCold    . . .     Faith    .   (no shield)
rNeg     . . .     Spirit   .   t - +0 chain mail
rPois    .         Reflect  +   (helmet restricted)
rElec    .         Harm     .   (no cloak)
rCorr    .         Rampage  .   l - +0 pair of gloves
Will     .....                  (no boots)
Stlth    ..........             r - amulet of reflection
HPRegen  0.21/turn              (no ring)
MPRegen  0.11/turn              (no ring)

@: mighty, hasted, very quick
A: horns 2, retaliatory headbutt
a: Renounce Religion, Depart the Abyss, Bend Space, Banish


You were on level 6 of the Dungeon.
You worshipped Lugonu.
Lugonu was most pleased with you.
You visited 1 branch of the dungeon, and saw 6 of its levels.
You visited the Abyss 1 time.

You collected 193 gold pieces.
You spent 30 gold pieces at shops.

Inventory:

Hand Weapons
 a - a +1 falchion
 e - a +2 whip of electrocution (weapon)
Missiles
 f - 25 poisoned darts
 w - 4 boomerangs
Armour
 b - a +0 leather armour
 l - a +0 pair of gloves (worn)
 t - a +0 chain mail (worn)
Jewellery
 r - an amulet of reflection (around neck)
 A - an amulet of magic regeneration
Wands
 p - a wand of flame (41)
 y - a wand of acid (4)
 D - a wand of polymorph (8)
Scrolls
 g - 2 scrolls of fear {unknown}
 i - a scroll of enchant weapon {unknown}
 j - 2 scrolls of teleportation {unknown}
 k - 4 scrolls of identify {unknown}
 v - a scroll of torment {unknown}
 x - a scroll of silence {unknown}
 B - a scroll of immolation {unknown}
 C - a scroll of summoning {unknown}
Potions
 c - a potion of lignification {unknown}
 d - a potion of mutation {unknown}
 h - a potion of attraction {unknown}
 m - 2 potions of curing
 n - a potion of brilliance {unknown}
 o - a potion of might
 q - a potion of magic {unknown}
 s - a potion of degeneration {unknown}
 u - a potion of haste
 z - a potion of flight {unknown}


   Skills:
 - Level 5.0 Fighting
 - Level 2.8 Long Blades
 - Level 10.0 Maces & Flails
 + Level 5.6 Armour
 - Level 1.3 Dodging
 - Level 1.8 Invocations


You had 7 spell levels left.
You didn't know any spells.
Your spell library contained the following spells:

 Spells                   Type           Power      Damage    Failure   Level
 Freeze                   Ice            0%         1d3       99%         1
 Frozen Ramparts          Ice            0%         1d2       100%        3
 Hailstorm                Conj/Ice       0%         3d3       100%        4


Dungeon Overview and Level Annotations

Branches:
Dungeon (6/15)
 Temple: D:4-7

Altars:
Ashenzari
Dithmenos
Trog
Vehumet
The Shining One

Shops:
D:2 !


Innate Abilities, Weirdness & Mutations

You have a pair of horns on your head.
You reflexively headbutt those who attack you in melee.


Message History

Found a bloodstained altar of Trog.
The orc wizard shouts!
The orc shouts!
You hear a shout! x2
The orc wizard gestures wildly while chanting.
The orc wizard flickers and vanishes!
Deactivating autopickup; reactivate with Ctrl-A.
An orc warrior comes into view. It is wielding a +0 halberd.
An orc comes into view. It is wielding a +0 club.
The orc throws a boomerang.
The boomerang closely misses you.
The orc throws a boomerang.
You reflect the boomerang off an invisible shield around you!
The boomerang barely misses the orc.
You are confused.
The orc hits you but does no damage.
You closely miss the orc.
You're too confused to move!
The orc hits you with a +0 club.
You whack the orc!
You kill the orc!
Lugonu accepts your kill.
You're too confused to move!
You bump into the rock wall.
You feel less confused.
The orc warrior hits you from afar with a +0 halberd!
Things that are here:
a +0 club; 2 boomerangs The orc warrior hits you with a +0 halberd!
The orc warrior hits you from afar with a +0 halberd.
Things that are here:
a +0 club; 2 boomerangs The orc warrior hits you with a +0 halberd!
* * * LOW HITPOINT WARNING * * *
You barely miss the orc warrior.
It was a potion of might.
You feel very mighty all of a sudden. You block the orc warrior's attack.
You hit the orc warrior but do no damage.
The orc warrior hits you with a +0 halberd!
* * * LOW HITPOINT WARNING * * *
It was a potion of haste.
You feel yourself speed up.
The orc warrior hits you with a +0 halberd!
You die...

#..#
#..#########
#..........#
#.########.#
#.# #.# #o#
#.##### #.#
#.....# #o#
#####.# #@#
#.# #)# #.#
#.# #.# ...
#.# ...##
#.# .#...
#.# ..#.##
#.# ## #.
#.# #. #.#
#.#


You could see an orc warrior and an orc.

Vanquished Creatures
  Grinder (D:3)
  Eustachio (D:3)
  An ogre (D:4)
  A kobold brigand (D:4)
  Blork the orc (D:4)
  2 scorpions (D:5)
  A water moccasin zombie (D:5)
  A wyvern skeleton (D:5)
  2 jellies (D:5)
  2 orc priests
  A hound (D:5)
  A bullfrog skeleton (D:5)
  A centaur skeleton (D:5)
  An iguana (D:5)
  Ijyb (D:4)
  An orc wizard (D:5)
  Robin (D:3)
  A hound skeleton (D:4)
  5 gnolls
  3 adders
  A shadow imp (D:5)
  A white imp (D:5)
  An adder skeleton (D:4)
  2 dart slugs
  21 orcs
  3 bats
  7 endoplasms
  16 goblins
  7 hobgoblins
  3 kobolds
  3 quokkas
  6 ball pythons
  3 frilled lizards
  7 rats
110 creatures vanquished.

Notes
Turn   | Place    | Note
-------+----------+-------------------------------------------
     0 | Abyss:1  | MisterFreud the Minotaur Abyssal Knight began the quest for
                  | the Orb.
     0 | Abyss:1  | Reached XP level 1. HP: 19/19 MP: 1/1
    37 | D:1      | Escaped the Abyss
    57 | D:1      | Found a faded altar of an unknown god.
    58 | D:1      | Noticed a shining eye
    62 | D:1      | Noticed an eye of devastation
    62 | D:1      | Noticed a floating eye
    62 | D:1      | Noticed an eye of devastation
   389 | D:1      | Reached XP level 2. HP: 23/27 MP: 2/2
   921 | D:1      | Reached skill level 1 in Maces & Flails
  1085 | D:1      | Reached XP level 3. HP: 32/34 MP: 3/3
  1347 | D:2      | Found Riotraj's Distillery.
  1364 | D:2      | Bought a potion of curing for 30 gold pieces
  1565 | D:2      | Reached ** piety under Lugonu
  1834 | D:2      | Reached skill level 5 in Fighting
  1906 | D:2      | Reached skill level 2 in Maces & Flails
  1962 | D:2      | Reached XP level 4. HP: 30/42 MP: 4/4
  2207 | D:3      | Found a broken altar of Ashenzari.
  2245 | D:3      | Found a glowing golden altar of the Shining One.
  2738 | D:4      | Noticed Grinder
  2746 | D:4      | Noticed an ogre
  2766 | D:3      | Killed Grinder
  2767 | D:3      | Reached skill level 5 in Maces & Flails
  2767 | D:3      | Reached XP level 5. HP: 13/48 MP: 5/5
  2767 | D:3      | Reached XP level 6. HP: 15/56 MP: 6/6
  3010 | D:4      | Noticed Eustachio
  3210 | D:3      | Killed Eustachio
  3211 | D:3      | Reached skill level 7 in Maces & Flails
  3347 | D:4      | Noticed Robin
  3352 | D:4      | Noticed Ijyb
  3424 | D:4      | Noticed Blork the orc
  4114 | D:3      | Killed Robin
  4136 | D:4      | Killed Blork the orc
  4137 | D:4      | Reached XP level 7. HP: 41/61 MP: 7/7
  4174 | D:4      | Killed Ijyb
  4175 | D:4      | Reached skill level 8 in Maces & Flails
  4304 | D:4      | Found a shadowy altar of Dithmenos.
  4394 | D:4      | Found a radiant altar of Vehumet.
  4957 | D:5      | Entered Level 5 of the Dungeon
  5163 | D:5      | Reached *** piety under Lugonu
  5330 | D:5      | Reached skill level 9 in Maces & Flails
  5653 | D:5      | Reached XP level 8. HP: 62/68 MP: 8/8
  5793 | D:5      | Reached skill level 5 in Armour
  5812 | D:5      | Reached skill level 10 in Maces & Flails
  6217 | D:6      | Found a bloodstained altar of Trog.
  6238 | D:6      | Mangled by an orc warrior

Illustrated notes

Levels and vault maps discovered:
D:1:      saegor_arrival_simple_e, layout_basic,
          hellmonk_ecumenical_altar_watching_god
D:2:      layout_rooms, serial_shops, nicolae_shop_statue_plus, serial_aquarium,
          aquarium_bridge_square [aquarium_subvault_bridge,
          aquarium_subvault_balcony, aquarium_subvault_bridge,
          aquarium_subvault_bridge], aquarium_window_1, aquarium_window_1,
          aquarium_window_1, aquarium_window_1, aquarium_view_2e,
          nrook_campfire, hangedman_feature_mirror
D:3:      layout_rooms, ashenzari_altar_1, tso_oasis_becter, grunt_ministairs_6,
          hex_intersection, minmay_parallelograms, minmay_misc_feat_alley
D:4:      layout_cave_pools, nicolae_overflow_crystal_walls,
          grunt_dithmenos_smoke_and_mirrors, uniq_blork_the_orc, uniq_eustachio,
          uniq_ijyb, uniq_robin, uniq_grinder
D:5:      layout_loops_ring, serial_glass, glass_columns_a, glass_columns_b,
          nrook_mini_backslash, minmay_misc_feat_tower,
          kennysheep_generic_room_4
D:6:      layout_basic, mainiacjoe_overflow_alcove_1, st_stairs_5

Skill      XL: |  1  2  3  4  5  6  7  8 |
---------------+-------------------------+-----
Fighting       | 4 5 |  5.0
Maces & Flails | 1 2 5 7 9 10 | 10.0
Armour         | 3 4 5 |  5.6
Long Blades    | |  2.8
Dodging        | |  1.3
Invocations    | |  1.8

Action                   |  1- 3 |  4- 6 |  7- 9 || total
-------------------------+-------+-------+-------++-------
Melee: Falchion          |    18 |       |       ||    18
       Whip              |    63 |    89 |   118 ||   270
       Headbutt          |     4 |    16 |    22 ||    42
  Use: Potion            |       |       |     2 ||     2
Armor: Leather armour    |    19 |    18 |       ||    37
       Chain mail        |       |     7 |    32 ||    39
Dodge: Dodged            |    38 |    62 |    14 ||   114
Block: Other             |       |    23 |    21 ||    44
       Reflection        |       |     1 |     1 ||     2
       Rpst.: Falchion   |     2 |       |       ||     2
